| TOP OF THE 1ST |
|
Miami Beach Marlins batting - Pitching for Americus Braves : RHP Danny Sosa
|
|
Pitching: RHP Danny Sosa
|
|
|
Batting: LHB Luis Ortegon
|
0-0: Ball 1-0: Foul Ball, location: 2F 1-1: Fly out, F7 (Flyball, 7D, EV 105.0 MPH)
|
|
Batting: RHB Corbin Chauvin
|
0-0: SINGLE (Groundball, 25, EV 68.1 MPH) (infield hit)
|
|
Batting: RHB Torquato Uso
|
0-0: Ball 1-0: Ball Wild Pitch! Corbin Chauvin to second 2-0: Ball 3-0: Called Strike 3-1: Base on Balls
|
|
Batting: SHB Emmet Brickowski
|
0-0: Ball 1-0: Swinging Strike 1-1: Ball 2-1: Ball 3-1: Base on Balls Corbin Chauvin to third Torquato Uso to second
|
|
Batting: LHB Henry Huezo
|
0-0: Called Strike 0-1: Ball 1-1: Ball 2-1: Foul Ball, location: 2F 2-2: Strikes out swinging
|
|
Batting: RHB Josh Jones
|
0-0: Ball 1-0: Ball 2-0: DOUBLE (Line Drive, 78XD, EV 111.2 MPH) Corbin Chauvin scores Torquato Uso scores Emmet Brickowski to third Runner from 3rd tries for Home, SAFE, no throw by CF
|
|
Batting: RHB Chris Harlow
|
0-0: Ball 1-0: Ball 2-0: Ball 3-0: Called Strike 3-1: Base on Balls
|
|
Batting: RHB Francisco Valenzuela
|
0-0: Ball 1-0: Ball 2-0: Called Strike 2-1: Ball 3-1: Foul Ball, location: 2F 3-2: Base on Balls Josh Jones to third Chris Harlow to second
|
|
Batting: RHB Hektor Luvian
|
0-0: Ball 1-0: Fielders Choice at 2nd, 6-4 (Groundball, 6, EV 85.6 MPH)
|
| Top of the 1st over - 3 runs, 2 hits, 0 errors, 3 left on base; Miami Beach 3 - Americus 0 |
| BOTTOM OF THE 1ST |
|
Americus Braves batting - Pitching for Miami Beach Marlins : RHP Cliff Peters
|
|
Pitching: RHP Cliff Peters
|
|
|
Batting: RHB Alex Guerra
|
0-0: Ball 1-0: Ball 2-0: Called Strike 2-1: Fly out, F7 (Flyball, 7S, EV 91.9 MPH)
|
|
Batting: RHB Wilson Salgado
|
0-0: Called Strike 0-1: Ball 1-1: Foul Ball, location: 2F 1-2: Foul Ball, location: 2F 1-2: Strikes out looking
|
|
Batting: RHB Scott Hansen
|
0-0: Called Strike 0-1: Ball 1-1: Swinging Strike 1-2: Ball 2-2: Foul Ball, location: 2F 2-2: Fly out, F6 (Popup, 4MD, EV 57.5 MPH)
|
| Bottom of the 1st over - 0 runs, 0 hits, 0 errors, 0 left on base; Miami Beach 3 - Americus 0 |
| TOP OF THE 2ND |
|
Miami Beach Marlins batting - Pitching for Americus Braves : RHP Danny Sosa
|
|
Batting: LHB Luis Ortegon
|
0-0: Called Strike 0-1: Swinging Strike 0-2: Foul Ball, location: 2F 0-2: Ball 1-2: Ball 2-2: Ball 3-2: Foul Ball, location: 2F 3-2: DOUBLE (Line Drive, 8LXD, EV 108.1 MPH)
|
|
Batting: RHB Corbin Chauvin
|
0-0: Ball 1-0: Ball 2-0: Called Strike 2-1: Ball 3-1: Ground out 5-3 (Groundball, 56S, EV 85.6 MPH)
|
|
Batting: RHB Torquato Uso
|
0-0: Fly out, F9 (Flyball, 9LM, EV 87.5 MPH)
|
|
Batting: SHB Emmet Brickowski
|
0-0: Ball 1-0: Ball 2-0: SINGLE (Line Drive, 7LS, EV 105.0 MPH) Luis Ortegon to third Runner from 3rd tries for Home, SAFE, throw by LF to home
|
|
Batting: LHB Henry Huezo
|
0-0: Ball Emmet Brickowski steals 2nd base 1-0: Foul Ball, location: 2F 1-1: Called Strike 1-2: Strikes out swinging
|
| Top of the 2nd over - 1 run, 2 hits, 0 errors, 1 left on base; Miami Beach 4 - Americus 0 |
| BOTTOM OF THE 2ND |
|
Americus Braves batting - Pitching for Miami Beach Marlins : RHP Cliff Peters
|
|
Batting: RHB Ryan Cole
|
0-0: Ball 1-0: Swinging Strike 1-1: Ball 2-1: Foul Ball, location: 2F 2-2: Strikes out looking
|
|
Batting: RHB Juan Gonzalez
|
0-0: Ball 1-0: Ground out 6-3 (Groundball, 6, EV 83.8 MPH)
|
|
Batting: RHB Jose Hurtado
|
0-0: Called Strike 0-1: Swinging Strike 0-2: Ground out 6-3 (Groundball, 6, EV 84.4 MPH)
|
| Bottom of the 2nd over - 0 runs, 0 hits, 0 errors, 0 left on base; Miami Beach 4 - Americus 0 |
| TOP OF THE 3RD |
|
Miami Beach Marlins batting - Pitching for Americus Braves : RHP Danny Sosa
|
|
Batting: RHB Josh Jones
|
0-0: Foul Ball, location: 2F 0-1: Ground out 6-3 (Groundball, 6, EV 84.4 MPH)
|
|
Batting: RHB Chris Harlow
|
0-0: Called Strike 0-1: Called Strike 0-2: Ball 1-2: Ball 2-2: Foul Ball, location: 2F 2-2: Ground out 2-3 (Groundball, 15S, EV 71.9 MPH)
|
|
Batting: RHB Francisco Valenzuela
|
0-0: Fly out, F9 (Flyball, 9LM, EV 85.0 MPH)
|
| Top of the 3rd over - 0 runs, 0 hits, 0 errors, 0 left on base; Miami Beach 4 - Americus 0 |
| BOTTOM OF THE 3RD |
|
Americus Braves batting - Pitching for Miami Beach Marlins : RHP Cliff Peters
|
|
Batting: RHB Josh Maxwell
|
0-0: Called Strike 0-1: Called Strike 0-2: Ball 1-2: Strikes out swinging
|
|
Batting: LHB Pappy Sterile
|
0-0: Ball 1-0: DOUBLE (Line Drive, 78M, EV 110.6 MPH)
|
|
Batting: RHB Chris Foss
|
0-0: Called Strike 0-1: Swinging Strike 0-2: Ball 1-2: Ball 2-2: Ball 3-2: Foul Ball, location: 2F 3-2: Strikes out swinging
|
|
Batting: RHB Alex Guerra
|
0-0: Called Strike 0-1: Called Strike 0-2: Ground out U3 (Groundball, 34S, EV 83.8 MPH)
|
| Bottom of the 3rd over - 0 runs, 1 hit, 0 errors, 1 left on base; Miami Beach 4 - Americus 0 |
| TOP OF THE 4TH |
|
Miami Beach Marlins batting - Pitching for Americus Braves : RHP Danny Sosa
|
|
Batting: RHB Hektor Luvian
|
0-0: Swinging Strike 0-1: Ground out 6-3 (Groundball, 6, EV 108.1 MPH)
|
|
Batting: LHB Luis Ortegon
|
0-0: Foul Ball, location: 2F 0-1: Ball 1-1: Ball 2-1: Hit by Pitch
|
|
Batting: RHB Corbin Chauvin
|
0-0: Ball Luis Ortegon is caught stealing 2nd base 2-4 1-0: Ball 2-0: Foul Ball, location: 2F 2-1: Ground out U3 (Groundball, 3S, EV 80.0 MPH)
|
| Top of the 4th over - 0 runs, 0 hits, 0 errors, 0 left on base; Miami Beach 4 - Americus 0 |
| BOTTOM OF THE 4TH |
|
Americus Braves batting - Pitching for Miami Beach Marlins : RHP Cliff Peters
|
|
Batting: RHB Wilson Salgado
|
0-0: Fly out, F8 (Flyball, 8LS, EV 88.1 MPH)
|
|
Batting: RHB Scott Hansen
|
0-0: Foul Ball, location: 2F 0-1: Ball 1-1: Ball 2-1: Called Strike 2-2: SINGLE (Flyball, 56D, EV 93.1 MPH)
|
|
Batting: RHB Ryan Cole
|
0-0: Foul Ball, location: 2F 0-1: Ball Scott Hansen is caught stealing 2nd base 2-4 1-1: Called Strike 1-2: Ball 2-2: Foul Ball, location: 2F 2-2: Strikes out looking
|
| Bottom of the 4th over - 0 runs, 1 hit, 0 errors, 0 left on base; Miami Beach 4 - Americus 0 |
| TOP OF THE 5TH |
|
Miami Beach Marlins batting - Pitching for Americus Braves : RHP Danny Sosa
|
|
Batting: RHB Torquato Uso
|
0-0: Called Strike 0-1: Ball 1-1: Foul Ball, location: 2F 1-2: Foul Ball, location: 2F 1-2: Foul Ball, location: 2F 1-2: SINGLE (Groundball, 6MD, EV 95.0 MPH)
|
|
Batting: SHB Emmet Brickowski
|
0-0: Called Strike 0-1: Ball 1-1: DOUBLE (Line Drive, 9LM, EV 104.4 MPH) Torquato Uso to third
|
|
Batting: LHB Henry Huezo
|
0-0: Ground out 6-3 (Groundball, 6S, EV 67.5 MPH) Torquato Uso scores Emmet Brickowski to third
|
|
Batting: RHB Josh Jones
|
0-0: Ball 1-0: Foul Ball, location: 2F 1-1: Ball 2-1: Foul Ball, location: 2F 2-2: Foul Ball, location: 2F 2-2: Foul Ball, location: 2F 2-2: Ball 3-2: Strikes out swinging
|
|
Batting: RHB Chris Harlow
|
0-0: Called Strike 0-1: Ground out 3-1 (Groundball, 34S, EV 88.8 MPH)
|
| Top of the 5th over - 1 run, 2 hits, 0 errors, 1 left on base; Miami Beach 5 - Americus 0 |
| BOTTOM OF THE 5TH |
|
Americus Braves batting - Pitching for Miami Beach Marlins : RHP Cliff Peters
|
|
Batting: RHB Juan Gonzalez
|
0-0: Ball 1-0: Foul Ball, location: 2F 1-1: Ball 2-1: Ground out 6-3 (Groundball, 6, EV 82.5 MPH)
|
|
Batting: RHB Jose Hurtado
|
0-0: Ball 1-0: Called Strike 1-1: Foul Ball, location: 2F 1-2: Ball 2-2: Ball 3-2: Fly out, F1 (Line Drive, P, EV 66.2 MPH)
|
|
Batting: RHB Josh Maxwell
|
0-0: Ball 1-0: Called Strike 1-1: Called Strike 1-2: Ball 2-2: Ball 3-2: Foul Ball, location: 2F 3-2: Ground out 6-3 (Groundball, 6, EV 85.0 MPH)
|
| Bottom of the 5th over - 0 runs, 0 hits, 0 errors, 0 left on base; Miami Beach 5 - Americus 0 |
| TOP OF THE 6TH |
|
Miami Beach Marlins batting - Pitching for Americus Braves : RHP Danny Sosa
|
|
Batting: RHB Francisco Valenzuela
|
0-0: Foul Ball, location: 2F 0-1: Ball 1-1: Foul Ball, location: 2F 1-2: Ground out 5-3 (Groundball, 56, EV 101.9 MPH)
|
|
Batting: RHB Hektor Luvian
|
0-0: Called Strike 0-1: Called Strike 0-2: Ball 1-2: Strikes out looking
|
|
Pitching: RHP Aaron Frey
|
|
|
Batting: LHB Luis Ortegon
|
0-0: Called Strike 0-1: Ground out U3 (Groundball, 3, EV 83.8 MPH)
|
| Top of the 6th over - 0 runs, 0 hits, 0 errors, 0 left on base; Miami Beach 5 - Americus 0 |
| BOTTOM OF THE 6TH |
|
Americus Braves batting - Pitching for Miami Beach Marlins : RHP Cliff Peters
|
|
Batting: LHB Pappy Sterile
|
0-0: Called Strike 0-1: SINGLE (Line Drive, 4M, EV 93.8 MPH)
|
|
Batting: RHB Chris Foss
|
0-0: Ball Pappy Sterile is caught stealing 2nd base 2-4 1-0: Fly out, F7 (Flyball, 78M, EV 83.8 MPH)
|
|
Batting: RHB Alex Guerra
|
0-0: Ground out 1-3 (Groundball, P, EV 70.0 MPH)
|
| Bottom of the 6th over - 0 runs, 1 hit, 0 errors, 0 left on base; Miami Beach 5 - Americus 0 |
| TOP OF THE 7TH |
|
Miami Beach Marlins batting - Pitching for Americus Braves : RHP Aaron Frey
|
|
Batting: RHB Corbin Chauvin
|
0-0: Called Strike 0-1: Ground out 6-3 (Groundball, 6, EV 85.0 MPH)
|
|
Batting: RHB Torquato Uso
|
0-0: Ball 1-0: Ball 2-0: Ball 3-0: Swinging Strike 3-1: Foul Ball, location: 2F 3-2: Strikes out swinging
|
|
Batting: SHB Emmet Brickowski
|
0-0: Called Strike 0-1: Foul Ball, location: 2F 0-2: DOUBLE (Flyball, 8RXD, EV 99.4 MPH)
|
|
Batting: LHB Henry Huezo
|
0-0: Foul Ball, location: 2F 0-1: Called Strike 0-2: Ball 1-2: Ball 2-2: Strikes out looking
|
| Top of the 7th over - 0 runs, 1 hit, 0 errors, 1 left on base; Miami Beach 5 - Americus 0 |
| BOTTOM OF THE 7TH |
|
Americus Braves batting - Pitching for Miami Beach Marlins : RHP Cliff Peters
|
|
Pitching: RHP Konoye Murakami
|
|
|
Batting: RHB Wilson Salgado
|
0-0: TRIPLE (Flyball, 78XD, EV 96.9 MPH)
|
|
Batting: RHB Scott Hansen
|
0-0: 2-RUN HOME RUN (Flyball, 7D, EV 98.1 MPH), Distance : 392 ft
|
|
Batting: RHB Ryan Cole
|
0-0: Ball 1-0: Foul Ball, location: 2F 1-1: Foul Ball, location: 2F 1-2: Ball 2-2: Foul Ball, location: 2F 2-2: Fly out, F6 (Popup, 6, EV 70.0 MPH)
|
|
Batting: RHB Juan Gonzalez
|
0-0: Called Strike 0-1: Swinging Strike 0-2: Ball 1-2: Fly out, F8 (Line Drive, 8LM, EV 96.9 MPH)
|
|
Batting: RHB Jose Hurtado
|
0-0: Ball 1-0: Called Strike 1-1: Ball 2-1: Foul Ball, location: 2F 2-2: Strikes out looking
|
| Bottom of the 7th over - 2 runs, 2 hits, 0 errors, 0 left on base; Miami Beach 5 - Americus 2 |
| TOP OF THE 8TH |
|
Miami Beach Marlins batting - Pitching for Americus Braves : RHP Aaron Frey
|
|
Batting: RHB Josh Jones
|
0-0: Ball 1-0: Foul Ball, location: 2F 1-1: Ball 2-1: Ball 3-1: Base on Balls
|
|
Batting: RHB Chris Harlow
|
0-0: Ball 1-0: Grounds into double play, 4-6-3 (Groundball, 13, EV 84.4 MPH)
|
|
Batting: RHB Francisco Valenzuela
|
0-0: Ball 1-0: Called Strike 1-1: Called Strike 1-2: Ball 2-2: Fly out, F8 (Flyball, 78D, EV 105.0 MPH)
|
| Top of the 8th over - 0 runs, 0 hits, 0 errors, 0 left on base; Miami Beach 5 - Americus 2 |
| BOTTOM OF THE 8TH |
|
Americus Braves batting - Pitching for Miami Beach Marlins : RHP Konoye Murakami
|
|
Batting: LHB Garret Mathis
|
0-0: Called Strike 0-1: Called Strike 0-2: Strikes out swinging
|
|
Batting: LHB Pappy Sterile
|
0-0: Fly out, F9 (Flyball, 89D, EV 91.9 MPH)
|
|
Batting: RHB Chris Foss
|
0-0: Ball 1-0: SOLO HOME RUN (Line Drive, 7D, EV 99.4 MPH), Distance : 389 ft
|
|
Pitching: LHP Tom Boyko
|
|
|
Batting: RHB Alex Guerra
|
0-0: Called Strike 0-1: Swinging Strike 0-2: Strikes out swinging
|
| Bottom of the 8th over - 1 run, 1 hit, 0 errors, 0 left on base; Miami Beach 5 - Americus 3 |
| TOP OF THE 9TH |
|
Miami Beach Marlins batting - Pitching for Americus Braves : RHP Aaron Frey
|
|
Pinch Hitting: RHB Scott Talbot
|
0-0: Foul Ball, location: 2F 0-1: Ball 1-1: Foul Ball, location: 2F 1-2: Foul Ball, location: 2F 1-2: Ball 2-2: TRIPLE (Flyball, 89XD, EV 95.0 MPH)
|
|
Batting: LHB Luis Ortegon
|
0-0: Intentional Walk
|
|
Batting: RHB Corbin Chauvin
|
0-0: Foul Ball, location: 2F 0-1: Foul Ball, location: 2F 0-2: Fly out, F7 (Flyball, 7S, EV 90.0 MPH)
|
|
Batting: RHB Torquato Uso
|
0-0: Called Strike Luis Ortegon is caught stealing 2nd base 2-4 0-1: Foul Ball, location: 2F 0-2: Foul Ball, location: 2F 0-2: Strikes out looking
|
| Top of the 9th over - 0 runs, 1 hit, 0 errors, 1 left on base; Miami Beach 5 - Americus 3 |
| BOTTOM OF THE 9TH |
|
Americus Braves batting - Pitching for Miami Beach Marlins : LHP Tom Boyko
|
|
Pitching: RHP Kyle Beabout
|
|
|
Now at 1B: Kazumi Inouye
|
|
|
Now in RF: Cody Leonard
|
|
|
Batting: RHB Wilson Salgado
|
0-0: Ball 1-0: Ball 2-0: Called Strike 2-1: Swinging Strike 2-2: Fly out, F9 (Line Drive, 9S, EV 93.1 MPH)
|
|
Batting: RHB Scott Hansen
|
0-0: Ball 1-0: Foul Ball, location: 2F 1-1: Ball 2-1: Reached on error, E6 (Groundball, 6, EV 88.1 MPH)
|
|
Batting: RHB Ryan Cole
|
0-0: Ball 1-0: Called Strike 1-1: Fly out, F8 (Flyball, 8RD, EV 95.6 MPH)
|
|
Pinch Hitting: RHB Ricardo Joya
|
0-0: Called Strike 0-1: Called Strike 0-2: Foul Ball, location: 2F 0-2: Fly out, F9 (Flyball, 9LSF, EV 78.1 MPH)
|
| Bottom of the 9th over - 0 runs, 0 hits, 1 error, 1 left on base; Miami Beach 5 - Americus 3 |
|